cohdb
Replays
Latest Replays
All Replays
Popular Replays
Top Player Replays
Match Explorer
How It Works
Community
CoH3 Stats
Reddit
Sign in to upload your games and track your stats! →
Sign in with Steam
Match 38294374
Unlisted
Match 38294374
Overview
Messages
Build Orders
End
Construct Section Command Post
Selects Heavy Armor Battlegroup
Royal Engineer Section
Dingo Light Scout Car
Infantry Section
Infantry Section
Construct Platoon Command Post
Selects Engineer Detachments
CMP 15cwt Truck
Grenade Package
6-pounder Anti-tank Gun Team
Construct Company Command Post
Selects Crusader AA Medium Tank
Selects UNKNOWN (2162094)
Foot Guards Section
Selects Light Vehicle Withdraw and Refit
Selects Radio Net
Unlock M3 Grant Medium Tanks
M3 Grant Medium Tank
Armored Vehicle Training
Selects Designate Targets
Infantry Training
M3 Grant Medium Tank
Wrathment
FuzzyWIG
0
0
Comments
sign in to comment!
No comments posted yet!